 Dungeon Crawl Stone Soup version 0.29.1-15-g9cfb28693d (webtiles) character file.

Game seed: 12299703411455339236

3387 LustLizard the Grappler (level 9, -3/89 HPs)
             Began as a Troll Fighter on Apr 1, 2023.
             Was a Believer of Wu Jian.
             Slain by Erica
             ... wielding a +0 scimitar of flaming
              (17 damage)
             ... on level 8 of the Dungeon.
             The game lasted 00:14:43 (7026 turns).

LustLizard the Grappler (Troll Fighter)             Turns: 7026, Time: 00:14:45

Health: -3/89      AC:  5    Str: 26    XL:     9   Next: 74%
Magic:  8/8        EV:  9    Int:  8    God:    Wu Jian [**....]
Gold:   455        SH:  0    Dex:  9    Spells: 8/8 levels left

rFire   . . .      SeeInvis .     - Unarmed
rCold   + . .      Faith    .   b - +0 kite shield
rNeg    + . .      Spirit   .   I - +0 robe {Archmagi}
rPois   .          Reflect  .   u - +1 hat
rElec   .          Harm     .   (no cloak)
rCorr   .          Rampage  .   (gloves unavailable)
Will    .....      Archmagi +   (boots unavailable)
Stlth   +.........              (no amulet)
HPRegen 1.04/turn               j - ring of positive energy
MPRegen 0.11/turn               m - ring of protection from cold

@: confused, mighty, slowed, very slow
A: large, unfitting armour, claws 3, regeneration 1, shaggy fur 1, tough skin 1
a: Renounce Religion, Wall Jump


You were on level 8 of the Dungeon.
You worshipped Wu Jian.
Wu Jian was pleased with you.
You visited 1 branch of the dungeon, and saw 8 of its levels.

You collected 455 gold pieces.

Inventory:

Missiles
 f - 92 stones
 o - 10 poisoned darts (quivered)
 B - 2 throwing nets
Armour
 a - a +0 robe
 b - a +0 kite shield (worn)
 u - a +1 hat (worn)
 I - a +0 robe of the Archmagi (worn)
Jewellery
 e - a ring of ice
 j - a ring of positive energy (left claw)
 m - a ring of protection from cold (right claw)
Wands
 w - a wand of flame (10)
 x - a wand of paralysis (8)
 E - a wand of digging (5)
Scrolls
 d - 3 scrolls of teleportation
 g - 2 scrolls of enchant weapon {unknown}
 h - 2 scrolls of blinking
 i - 4 scrolls of amnesia {unknown}
 l - a scroll of enchant armour {unknown}
 n - 3 scrolls of identify
 q - a scroll of torment {unknown}
 t - 2 scrolls of vulnerability {unknown}
 v - 2 scrolls of summoning {unknown}
 y - a scroll of butterflies {unknown}
 C - a scroll of poison {unknown}
 D - a scroll of silence {unknown}
 F - a scroll of fear {unknown}
Potions
 k - a potion of flight
 r - a potion of berserk rage {unknown}
 s - 3 potions of mutation
 z - a potion of attraction {unknown}
 A - a potion of heal wounds {unknown}
 G - a potion of magic {unknown}
 H - a potion of degeneration {unknown}


   Skills:
 + Level 6.1 Fighting
 + Level 3.6 Dodging
 + Level 6.7 Shields
 * Level 9.8 Unarmed Combat


You had 8 spell levels left.
You didn't know any spells.
Your spell library contained the following spells:

 Spells                   Type           Power      Damage    Failure   Level
 Magic Dart               Conj           0%         1d3       65%         1
 Call Imp                 Summ           0%         N/A       80%         2
 Conjure Flame            Conj/Fire      0%         6-21      95%         3
 Ignite Poison            Fire/Tmut/Pois 0%         N/A       95%         3
 Mephitic Cloud           Conj/Pois/Air  0%         N/A       95%         3
 Portal Projectile        Hex/Tloc       0%         N/A       95%         3
 Tukima's Dance           Hex            0%         N/A       95%         3
 Animate Dead             Necr           0%         N/A       100%        4
 Sticky Flame             Conj/Fire      0%         2d3       100%        4
 Blade Hands              Tmut           0%         N/A       100%        5
 Haunt                    Necr/Summ      0%         N/A       100%        7
 Infestation              Necr           0%         N/A       100%        8


Dungeon Overview and Level Annotations

Branches:
Dungeon (8/15)             Temple (0/1) D:6
   Lair: D:8-11

Altars:
Dithmenos
Elyvilon
Hepliaklqana
Nemelex Xobeh
Qazlal
Ru
Sif Muna
Wu Jian
Xom
Yredelemnul
The Shining One

Annotations:
D:8 Erica


Innate Abilities, Weirdness & Mutations

You are too large for most types of armour.
You have claws for hands.
Your natural rate of healing is unusually fast.
You are covered in fur. (AC +1)
You have tough skin. (AC +1)


Message History

You feel sick.
The yak bellows!
Erica hits you with a +0 scimitar of flaming!
* * * LOW HITPOINT WARNING * * *
Erica burns you.
* * * LOW HITPOINT WARNING * * *
You are too confused!
Unknown command.
You feel better.
Erica hits you with a +0 scimitar of flaming!
* * * LOW HITPOINT WARNING * * *
Erica burns you.
* * * LOW HITPOINT WARNING * * *
You block Erica's attack.
You feel better. Erica misses you.
You feel very mighty all of a sudden. You block Erica's attack.
Erica hits you with a +0 scimitar of flaming!
* * * LOW HITPOINT WARNING * * *
Erica burns you.
* * * LOW HITPOINT WARNING * * *
You barely miss Erica.
Erica is moderately wounded.
Erica closely misses you.
You mangle Erica!!
Erica is severely wounded.
Erica barely misses you. You block Erica's attack.
You scratch Erica.
Erica is severely wounded.
Erica gestures at you while chanting.
You are confused.
You hear a bellow!
You scratch Erica but do no damage.
Erica is severely wounded.
Erica hits you with a +0 scimitar of flaming.
* * * LOW HITPOINT WARNING * * *
Erica burns you.
* * * LOW HITPOINT WARNING * * *
Erica hits you with a +0 scimitar of flaming!
You die...

....#.............@.Y......
....#.#######......Y#..Y...
......# #....##### .....
...)### #.##### ......
..### #.#...####...... ..#
##.#...##........ #.#
####.รท#...#.Y# #.#
#.....#...#Y##
..######........@@Y#
.###...#.....#...########
.###...####.##...#.......
.........................
...#...####).............
##.#...###.......########
..............######..#
......>..[.##.#####..##
##.........##.##..<.#####


You could see Erica and 3 yaks.

Vanquished Creatures
  Pikel (D:7)
  Prince Ribbit (D:6)
  A yak (D:8)
  Menkaure (D:6)
  A water moccasin (D:5)
  An orc warrior (D:8)
  An ice beast (D:8)
  A sky beast (D:8)
  A black bear (D:5)
  4 centaurs
  3 ogres
  A lemure (D:7)
  2 phantoms
  2 kobold brigands (D:6)
  3 scorpions
  5 killer bees (D:7)
  A hound (D:6)
  A gnoll bouda (D:5)
  3 jellies (D:3)
  4 orc priests
  6 iguanas
  2 orc wizards
  12 gnolls
  5 adders
  3 dart slugs
  14 orcs
  4 bats (D:1)
  14 endoplasms
  3 giant cockroaches
  7 goblins
  6 hobgoblins
  A jackal (D:1)
  2 quokkas
  8 ball pythons
  2 frilled lizards
  18 kobolds
  3 rats
  A spectral orc (D:7)
149 creatures vanquished.

Vanquished Creatures (others)
  5 fungi (D:3)
  11 toadstools (D:3)
16 creatures vanquished.

Grand Total: 165 creatures vanquished

Notes
Turn   | Place    | Note
-------+----------+-------------------------------------------
     0 | D:1      | LustLizard the Troll Fighter began the quest for the Orb.
     0 | D:1      | Reached XP level 1. HP: 22/22 MP: 0/0
    40 | D:1      | Found a faded altar of an unknown god.
   125 | D:1      | Reached XP level 2. HP: 29/29 MP: 1/1
   583 | D:1      | Reached XP level 3. HP: 31/36 MP: 2/2
  1133 | D:2      | Reached skill level 3 in Unarmed Combat
  1854 | D:3      | Reached XP level 4. HP: 35/44 MP: 3/3
  2176 | D:3      | Reached skill level 4 in Unarmed Combat
  2176 | D:3      | Reached XP level 5. HP: 43/53 MP: 4/4
  2374 | D:4      | Noticed an ogre
  2447 | D:4      | Found a sparkling altar of Nemelex Xobeh.
  2447 | D:4      | Found a faded altar of an unknown god.
  2454 | D:4      | Found a faded altar of an unknown god.
  2456 | D:4      | Found a hazy altar of Hepliaklqana.
  2458 | D:4      | Found a white marble altar of Elyvilon.
  2503 | D:4      | Found a stormy altar of Qazlal.
  2503 | D:4      | Found a shadowy altar of Dithmenos.
  2504 | D:4      | Found an ornate altar of the Wu Jian Council.
  2511 | D:4      | Became a worshipper of the Wu Jian Council
  2656 | D:4      | Noticed an ogre
  2750 | D:4      | Killed an ogre
  2751 | D:4      | Reached XP level 6. HP: 61/61 MP: 5/5
  2787 | D:4      | Found a shimmering altar of Xom.
  2847 | D:4      | Reached skill level 5 in Unarmed Combat
  3158 | D:5      | Entered Level 5 of the Dungeon
  3193 | D:5      | Reached XP level 7. HP: 55/68 MP: 6/6
  3287 | D:5      | Reached skill level 6 in Unarmed Combat
  3481 | D:5      | Reached * piety under Wu Jian
  3809 | D:5      | Reached skill level 5 in Shields
  3809 | D:5      | Reached XP level 8. HP: 73/79 MP: 7/7
  4129 | D:5      | Reached skill level 7 in Unarmed Combat
  4453 | D:6      | Found a staircase to the Ecumenical Temple.
  4675 | D:6      | Reached skill level 5 in Fighting
  4681 | D:6      | Noticed Menkaure
  5039 | D:6      | Noticed Prince Ribbit
  5040 | D:6      | Killed Menkaure
  5041 | D:6      | Reached skill level 8 in Unarmed Combat
  5053 | D:6      | Killed Prince Ribbit
  5137 | D:6      | Found a sacrificial altar of Ru.
  5602 | D:7      | Found a basalt altar of Yredelemnul.
  5604 | D:7      | Reached ** piety under Wu Jian
  5669 | D:7      | Reached XP level 9. HP: 88/88 MP: 8/8
  5939 | D:7      | Found a glowing golden altar of the Shining One.
  6197 | D:7      | Noticed Pikel
  6208 | D:7      | Killed Pikel
  6209 | D:7      | Reached skill level 9 in Unarmed Combat
  6455 | D:7      | Found a shimmering blue altar of Sif Muna.
  6786 | D:8      | Noticed Erica
  7026 | D:8      | Slain by Erica

Illustrated notes

Levels and vault maps discovered:
D:1:      shiori_arrival_maze, layout_basic, ebering_ecumenical_altar_rust,
          chequers_big_river
D:2:      layout_loops_ring
D:3:      cheibrodos_fertilizer, layout_rooms
D:4:      layout_gridville, mainiacjoe_overflow_concentric_impassable,
          chequers_temple_overflow_minitemple, gammafunk_temple_overflow_claw
D:5:      layout_layer_cave
D:6:      layout_basic, nicolae_overflow_crystal_walls,
          minmay_temple_entry_arrows, uniq_prince_ribbit1, uniq_menkaure
D:7:      layout_loops_corners, nicolae_tso_carved_into_rock,
          yredelemnul_forgotten_temple_becter, lemuel_blue_sif_altar, uniq_pikel
D:8:      layout_rooms, uniq_erica

Skill      XL: |  1  2  3  4  5  6  7  8  9 |
---------------+----------------------------+-----
Shields        | 3 4 5 6 |  6.7
Unarmed Combat | 3 4 5 6 8 9 |  9.8
Fighting       | 3 4 5 6 |  6.1
Dodging        | 3 |  3.6

Action                   |  1- 3 |  4- 6 |  7- 9 || total
-------------------------+-------+-------+-------++-------
Melee: Unarmed           |    86 |   115 |   249 ||   450
Throw: Stone             |     1 |     2 |       ||     3
       Dart              |       |    13 |    16 ||    29
Invok: Lunge             |       |     4 |    25 ||    29
  Use: Scroll            |       |     3 |     4 ||     7
       Potion            |       |       |     5 ||     5
Armor: Robe              |    28 |    36 |    54 ||   118
Dodge: Dodged            |    26 |    28 |    53 ||   107
Block: Kite shield       |    28 |    42 |    84 ||   154
